 Dungeon Crawl Stone Soup version 0.30-a0-585-g93115170b9 (webtiles) character file.

Game seed: 6804965181509055075

4209 Newt the Fighter (level 10, -6/72 HPs)
             Began as a Demonspawn Gladiator on Jan 2, 2023.
             Was a Follower of Hepliaklqana.
             Mangled by a vampire (8 damage)
             ... on level 7 of the Dungeon.
             The game lasted 00:09:57 (5518 turns).

Newt the Fighter (Demonspawn Gladiator)             Turns: 5518, Time: 00:09:58

Health: -6/72      AC: 15    Str: 18    XL:     10   Next: 8%
Magic:  16/16      EV: 11    Int:  9    God:    Hepliaklqana [*.....]
Gold:   452        SH:  5    Dex: 16    Spells: 17/17 levels left

rFire   . . .      SeeInvis .    f - +1 flail (venom)
rCold   . . .      Faith    .    (no shield)
rNeg    . . .      Spirit   .    x - +2 scale mail {Will+}
rPois   .          Reflect  +    c - +0 helmet
rElec   .          Harm     .    p - +0 cloak
rCorr   +          Rampage  .    n - +0 pair of gloves
Will    +....                    g - +1 pair of boots
Stlth   +                        z - amulet of reflection
HPRegen 1.32/turn                k - ring of resist corrosion
MPRegen 0.15/turn                (no ring)

@: about to teleport
A: reduced essence, powered by death 2, demonic magic 2, weakness stinger 2
a: Renounce Religion, Recall Ancestor, Ancestor Identity


You were on level 7 of the Dungeon.
You worshipped Hepliaklqana.
Hepliaklqana was aware of your devotion.
You visited 2 branches of the dungeon, and saw 8 of its levels.

You collected 452 gold pieces.

Inventory:

Hand Weapons
 a - a +1 rapier
 f - a +1 flail of venom (weapon)
 y - a +1 vampiric dagger
Missiles
 d - a throwing net (quivered)
 e - a javelin
 q - 7 poisoned darts
Armour
 b - a +0 leather armour
 c - a +0 helmet (worn)
 g - a +1 pair of boots (worn)
 n - a +0 pair of gloves (worn)
 p - a +0 cloak (worn)
 x - a +2 scale mail of willpower (worn)
 E - a scarf of invisibility
Jewellery
 k - a ring of resist corrosion (left hand)
 z - an amulet of reflection (around neck)
Wands
 s - a wand of quicksilver (11)
 C - a wand of roots (11)
Scrolls
 r - a scroll of fog
 v - a scroll of teleportation
 B - a scroll of brand weapon
 D - a scroll of identify
Potions
 h - 4 potions of curing
 i - a potion of brilliance
 j - a potion of invisibility
 m - 2 potions of flight
 o - a potion of might
 t - a potion of ambrosia
 u - a potion of mutation
 w - a potion of magic {unknown}
 A - a potion of lignification {unknown}


   Skills:
 - Level 8.0 Fighting
 - Level 2.6 Short Blades
 + Level 5.6 Maces & Flails
 - Level 1.7 Throwing
 - Level 6.0 Armour
 - Level 4.0 Dodging
 - Level 2.0 Stealth
 - Level 4.0 Spellcasting
 - Level 3.0 Invocations
 - Level 5.0 Evocations


You had 17 spell levels left.
You didn't know any spells.
Your spell library contained the following spells:

 Spells                   Type           Power      Damage    Failure   Level
 Cigotuvi's Dreadful Rot  Necr/Pois/Air  2%         N/A       75%         2
 Gell's Gravitas          Tloc           1%         N/A       93%         3
 Ozocubu's Armour         Ice            1%         N/A       93%         3
 Teleport Other           Tloc           1%         N/A       93%         3
 Dispel Undead            Necr           1%         3d6       100%        4
 Death Channel            Necr           0%         N/A       100%        6
 Dispersal                Tloc           0%         N/A       100%        6
 Ozocubu's Refrigeration  Ice            0%         4d7       100%        7


Dungeon Overview and Level Annotations

Branches:
Dungeon (7/15)             Temple (1/1) D:4

Altars:
Ashenzari
Cheibriados
Dithmenos
Fedhas
Gozag
Hepliaklqana
Kikubaaqudgha
Makhleb
Nemelex Xobeh
Okawaru
Qazlal
Ru
Trog
Uskayaw
Vehumet
Wu Jian
Yredelemnul

Shops:
D:7 (


Innate Abilities, Weirdness & Mutations

Your life essence is reduced to manifest your ancestor. (-10% HP)
You regenerate health from kills.
Spells you cast may paralyse nearby enemies.
You have a tail ending in a sharp stinger.


Message History

You have reached level 10!
Cynebald remembers more of his old skill.
You start resting.
Something hits you.
* * * LOW HITPOINT WARNING * * *
Cynebald barely misses something.
You start resting.
Something hits you but does no damage.
Something hits Cynebald.
Cynebald hits something but does no damage.
Something hits you.
* * * LOW HITPOINT WARNING * * *
You feel much better.
Something hits you but does no damage. x2
Cynebald hits something!
Something hits Cynebald but does no damage.
Something hits you but does no damage.
A vampire comes into view.
You see here a +0 dagger.
Something hits you.
* * * LOW HITPOINT WARNING * * *
Dowan says, "How can I live without her?"
You swap places.
Something hits you but does no damage. Dowan barely misses you.
Dowan hits you but does no damage.
You sock Dowan!
Dowan is poisoned.
Dowan is heavily wounded.
Something hits you but does no damage. Dowan misses you.
Dowan gestures at you while chanting. The stone arrow hits you!
* * * LOW HITPOINT WARNING * * *
You thump Dowan!
Dowan looks as sick as possible!
Dowan is almost dead.
You kill Dowan!
Something hits you.
* * * LOW HITPOINT WARNING * * *
Okay, then.
As you read the scroll labelled DEQEUGYTOB, it crumbles to dust.
You feel strangely unstable.
It was a scroll of teleportation.
Something hits you but does no damage.
Cynebald hits the vampire but does no damage.
The vampire hits you but does no damage.
The vampire bites you!
You die...

##### ##...#
########..#.###
.........##...#
##.#######.##.#)# .
...#######.##.).# .
..##........#.#.# #
#.##.##.....#R@.# #
#.##.##.##.##V#.# #
#.##.##.##.##...#
###.#.........#.###
.......##.##)##..
#.#
.......##.##..#.
#.#
###.#####.##.(#.
#.# ....# #.##..'.
#.# ##..# #.##..#
#.#


You could see the friendly Cynebald the ancestor and a vampire.

Vanquished Creatures
  A deep elf pyromancer (D:7)
  A troll (D:7)
  Prince Ribbit (D:6)
  A wyvern (D:7)
  3 steam dragons (D:6)
  Duvessa (D:7)
  A water moccasin (D:6)
  2 orc warriors
  2 ice beasts (D:6)
  An ogre (D:5)
  2 centaurs
  A phantom (D:5)
  A kobold brigand (D:7)
  2 bullfrogs (D:7)
  A necrophage (D:5)
  2 scorpions
  5 wights (D:6)
  Dowan (D:7)
  2 killer bees (D:6)
  2 howler monkeys
  A gnoll bouda (D:6)
  A hound (D:6)
  A jelly (D:5)
  Jessica (D:3)
  7 iguanas
  Terence (D:3)
  9 orc wizards
  21 gnolls
  12 adders
  5 shadow imps
  2 white imps (D:7)
  2 ufetubi (D:7)
  A worm (D:3)
  2 dart slugs
  25 orcs
  2 ball pythons (D:1)
  5 bats
  4 endoplasms
  A giant cockroach (D:1)
  3 goblins
  4 hobgoblins
  4 jackals (D:4)
  3 quokkas
  2 frilled lizards (D:1)
  5 kobolds
  4 rats
161 creatures vanquished.

Vanquished Creatures (collateral kills)
  An orc wizard (D:7)
  An adder (D:6)
  A gnoll (D:6)
  A shadow imp (D:7)
  A white imp (D:7)
5 creatures vanquished.

Vanquished Creatures (others)
  4 ancestors (D:6)
  A quokka (D:6)
  3 demonic plants (D:7)
8 creatures vanquished.

Grand Total: 174 creatures vanquished

Notes
Turn   | Place    | Note
-------+----------+-------------------------------------------
     0 | D:1      | Newt the Demonspawn Gladiator began the quest for the Orb.
     0 | D:1      | Reached XP level 1. HP: 16/16 MP: 1/1
   214 | D:1      | Reached skill level 1 in Stealth
   316 | D:1      | Gained mutation: You have a small tail. [demonic ancestry]
   316 | D:1      | Reached XP level 2. HP: 6/22 MP: 2/2
   917 | D:1      | Gained mutation: You regenerate a little health from kills.
                  | [demonic ancestry]
   917 | D:1      | Reached XP level 3. HP: 17/28 MP: 3/3
  1169 | D:1      | Reached skill level 3 in Fighting
  1320 | D:2      | Found a faded altar of an unknown god.
  1533 | D:3      | Gained mutation: Spells you cast may paralyse adjacent
                  | enemies. [demonic ancestry]
  1533 | D:3      | Reached XP level 4. HP: 37/37 MP: 4/4
  1535 | D:3      | Noticed Terence
  1551 | D:3      | Killed Terence
  1552 | D:3      | Reached skill level 4 in Fighting
  1555 | D:3      | Reached skill level 1 in Maces & Flails
  1994 | D:3      | Reached XP level 5. HP: 42/42 MP: 5/5
  2074 | D:3      | Noticed Jessica
  2079 | D:3      | Killed Jessica
  2487 | D:4      | Found a staircase to the Ecumenical Temple.
  2500 | Temple   | Entered the Ecumenical Temple
  2634 | Temple   | Became a worshipper of Hepliaklqana the Forgotten
  2750 | D:4      | Gained mutation: You regenerate health from kills. [demonic
                  | ancestry]
  2750 | D:4      | Reached XP level 6. HP: 48/48 MP: 6/6
  2879 | D:4      | Reached skill level 1 in Armour
  3121 | D:5      | Entered Level 5 of the Dungeon
  3301 | D:5      | Reached XP level 7. HP: 54/54 MP: 7/7
  3699 | D:5      | Reached skill level 1 in Evocations
  4045 | D:6      | Noticed a steam dragon
  4070 | D:6      | Reached * piety under Hepliaklqana
  4083 | D:6      | Killed a steam dragon
  4084 | D:6      | Reached skill level 5 in Fighting
  4084 | D:6      | Gained mutation: Spells you cast may paralyse nearby
                  | enemies. [demonic ancestry]
  4084 | D:6      | Reached XP level 8. HP: 55/55 MP: 10/10
  4211 | D:6      | Reached skill level 6 in Fighting
  4288 | D:6      | Reached skill level 5 in Maces & Flails
  4850 | D:6      | Noticed Prince Ribbit
  4862 | D:6      | Killed Prince Ribbit
  4863 | D:6      | Reached skill level 5 in Evocations
  4863 | D:6      | Gained mutation: You have a tail ending in a sharp stinger.
                  | [demonic ancestry]
  4863 | D:6      | Reached XP level 9. HP: 32/62 MP: 11/11
  5009 | D:6      | Reached skill level 1 in Spellcasting
  5040 | D:6      | Reached skill level 5 in Armour
  5196 | D:7      | Found Getode's Weapon Shoppe.
  5236 | D:7      | Noticed a troll
  5254 | D:7      | Killed a troll
  5402 | D:7      | Noticed Duvessa
  5406 | D:7      | Noticed Dowan
  5418 | D:7      | Killed Duvessa
  5419 | D:7      | Reached skill level 7 in Fighting
  5484 | D:7      | Noticed a deep elf pyromancer
  5509 | D:7      | Killed a deep elf pyromancer
  5510 | D:7      | Reached skill level 8 in Fighting
  5510 | D:7      | Reached XP level 10. HP: 8/72 MP: 16/16
  5511 | D:7      | HP: 3/72 [something (4)]
  5517 | D:7      | Killed Dowan
  5517 | D:7      | HP: 1/72 [something (5)]
  5518 | D:7      | Mangled by a vampire

Illustrated notes

Levels and vault maps discovered:
D:1:      dpeg_arrival_simpleton_c, layout_basic
D:2:      layout_rooms, chequers_ecumenical_altar_simple_redux
D:3:      layout_basic, kennysheep_cross_bottleneck, uniq_terence, uniq_jessica
D:4:      cheibrodos_quashed, layout_rooms, minmay_temple_entry_butterflies,
          kennysheep_pointless_box
D:5:      layout_rooms, minmay_misc_feat_nine_boxes
D:6:      cheibrodos_barr_body, layout_rooms, elyvilon_altar_4,
          uniq_prince_ribbit1
D:7:      layout_loops_ring, led_sif_pool, serial_shops,
          nicolae_shop_bloodbath_and_beyond, serial_demonic, serial_demonic_e,
          serial_demonic_c, serial_demonic_f, serial_demonic_a,
          hangedman_minor_gate_pass, uniq_duvessa
Temple:   compressed_dpeg_triangle_lava_temple

Skill      XL: |  1  2  3  4  5  6  7  8  9 |
---------------+----------------------------+-----
Stealth        | 1 2 |  2.0
Fighting       | 3 4 5 6 8 |  8.0
Maces & Flails | 2 3 5 |  5.6
Dodging        | 3 4 |  4.0
Armour         | 3 4 6 |  6.0
Evocations     | 3 5 |  5.0
Invocations    | 3 |  3.0
Spellcasting   | 4 |  4.0
Short Blades   | |  2.6
Throwing       | |  1.7

Action                   |  1- 3 |  4- 6 |  7- 9 | 10-12 || total
-------------------------+-------+-------+-------+-------++-------
Melee: Rapier            |   110 |       |       |       ||   110
       Tailslap          |    10 |    12 |    51 |       ||    73
       Flail             |     3 |   118 |   322 |     2 ||   445
       Punch             |       |     2 |     5 |       ||     7
Throw: Throwing net      |       |     2 |     2 |       ||     4
       Javelin           |       |     1 |     1 |       ||     2
  Use: Scroll            |     5 |     5 |     3 |     1 ||    14
       Potion            |       |     1 |     2 |     1 ||     4
 Stab: Sleeping          |     5 |     3 |       |       ||     8
       Held in net/web   |       |     1 |       |       ||     1
Armor: Leather armour    |    30 |    47 |    24 |       ||   101
       Scale mail        |       |       |   210 |     9 ||   219
Dodge: Dodged            |    73 |    77 |   231 |     2 ||   383
Block: Other             |       |       |    53 |       ||    53
       Reflection        |       |       |     2 |       ||     2

Table legend: (Time is in decaauts)
 A = Elapsed time spent in this place.
 B = Non-inter-level travel time spent in this place.
 C = Inter-level travel time spent in this place.
 D = Time resting spent in this place.
 E = Time spent auto-exploring this place.
 F = Levels seen in this place.
 G = Mean time per level.
                   A        B        C        D        E       F      G
               +--------+--------+--------+--------+--------+-----+--------+
         Total |   5622 |   5423 |    199 |   1535 |   2628 |   8 |  702.8 |
       Dungeon |   5477 |   5301 |    176 |   1535 |   2521 |   7 |  782.4 |
        Temple |    144 |    121 |     23 |      0 |    107 |   1 |  144.0 |
               +--------+--------+--------+--------+--------+-----+--------+

Top non-repeatable levels by time:
     D:6: 1114 daAuts
     D:4: 960 daAuts
     D:3: 948 daAuts
     D:1: 942 daAuts
     D:5: 650 daAuts
     D:2: 480 daAuts
     D:7: 380 daAuts
  Temple: 144 daAuts
